 Dungeon Crawl Stone Soup version bcrawl-1.37.2 (webtiles) character file.

Game seed: 4066949705840012936

128926 Mehrunes the Skirmisher (level 4, 49/49 HPs)
             Began as an Ogre Fighter on Nov 10, 2022.
             Quit the game on level 2 of the Dungeon.
             The game lasted 00:02:37 (1550 turns).

Mehrunes the Skirmisher (Ogre Fighter)              Turns: 1550, Time: 00:02:38

Health: 49/49      AC:  3    Str: 20    XL:     4   Next: 16%
Magic:  4/4        EV:  7    Int: 10    God:
Gold:   116        SH:  8    Dex:  8    Spells: 3/3 levels left

rFire    . . .     GDR:     19% a - +0 flail
rCold    . . .     SeeInvis .   c - +0 medium shield
rNeg     . . .     Gourm    .   b - +0 robe
rPois    .         Faith    .   (helmet restricted)
rElec    .         Spirit   .   (no cloak)
rCorr    .         Reflect  .   (gloves unavailable)
MR       .....                  (boots unavailable)
Stlth    +.........             (no amulet)
HPRegen  0.18/turn              (no ring)
MPRegen  0.09/turn              (no ring)

@: no status effects
A: large, unfitting armour, tough skin 1
a: no special abilities


You were on level 2 of the Dungeon.
You were not hungry.

You visited 1 branch of the dungeon, and saw 2 of its levels.

You collected 116 gold pieces.

Inventory:

Hand Weapons
 a - a +0 flail (weapon)
Armour
 b - a +0 robe (worn)
 c - a +0 medium shield (worn)
Wands
 k - a wand of iceblast (7)
Scrolls
 g - 2 scrolls of fear {unknown}
 i - a scroll of identify
 l - a scroll of fog {unknown}
Potions
 d - a potion of might
 h - 2 potions of mutation {unknown}
 j - a potion of cancellation {unknown}
 m - a potion of resistance {unknown}
Comestibles
 e - 2 rations {!d}
 f - a chunk of flesh


   Skills:
 + Level 4.7 Fighting
 + Level 3.3 Maces & Flails
 + Level 3.2 Dodging
 + Level 3.2 Shields


You had 3 spell levels left.
You didn't know any spells.
Your spell library was empty.

Dungeon Overview and Level Annotations

Branches:
Dungeon (2/12)

Altars:
Wu Jian


Innate Abilities, Weirdness & Mutations

You are too large for most types of armour.
You have tough skin. (AC +1)


Message History

The leopard gecko is heavily wounded.
The leopard gecko barely misses you. You block the leopard gecko's attack.
You barely miss the leopard gecko.
The leopard gecko is heavily wounded.
The leopard gecko bites you but does no damage.
You thump the leopard gecko!
You kill the leopard gecko!
You see here a leopard gecko corpse.
You start resting.
Eating one of 2 chunks of flesh.
You eat one of the 2 chunks of flesh.
This raw flesh tastes terrible.
All of the chunks of flesh in your inventory have rotted away.
HP restored.
You see here a leopard gecko corpse.
You butcher the leopard gecko corpse.
f - a chunk of flesh You see here a leopard gecko skeleton.
A frilled lizard and a jackal come into view.
The frilled lizard hisses angrily.
A worm comes into view.
Are you sure you want to abandon this character and quit the game? (Confirm with "yes".)

..........# ..h
########### # #.#
# ##. #. #.# w#
#########.# #.
#)# .#
#........##
#..#.#..#
#........#
#..#.#..#
#........##
#.....l.#
#.......#.# #@##
#.......... #..#
#........## ##.#
#........## #.#
####.###.## #.#
###.###.## #.#
###......)## #.#
#........... #.#
#....<.##.##
#.####...........


You could see a worm, a jackal (sleeping) and a frilled lizard.

Vanquished Creatures
  An ooze (D:1)
  2 worms
  2 dart slugs (D:1)
  2 leopard geckos
  2 giant cockroaches
  6 goblins (D:1)
  10 hobgoblins
  4 jackals (D:1)
  7 kobolds
  A quokka (D:2)
  4 bats (D:1)
  A frilled lizard (D:2)
  3 rats
45 creatures vanquished.

Notes
Turn   | Place    | Note
-------+----------+-------------------------------------------
     0 | D:1      | Mehrunes the Ogre Fighter began the quest for the Orb.
     0 | D:1      | Reached XP level 1. HP: 24/24 MP: 1/1
    61 | D:1      | Reached XP level 2. HP: 25/32 MP: 2/2
   232 | D:1      | Reached XP level 3. HP: 17/40 MP: 3/3
  1040 | D:2      | Found an ornate altar of the Wu Jian Council.
  1249 | D:2      | Reached XP level 4. HP: 45/49 MP: 4/4
  1550 | D:2      | Quit the game

Skill      XL: |  1  2  3 |
---------------+----------+-----
Shields        | 3 |  3.2
Dodging        | 3 |  3.2
Maces & Flails | 3 |  3.3
Fighting       | |  4.7

Action                   |  1- 3 |  4- 6 || total
-------------------------+-------+-------++-------
Melee: Flail             |   146 |    29 ||   175
 Stab: Sleeping          |     1 |     1 ||     2
  Eat: Chunk             |     6 |     2 ||     8
Armor: Robe              |    28 |     6 ||    34
Dodge: Dodged            |    42 |     6 ||    48
Block: Medium shield     |    71 |    10 ||    81
